 Dungeon Crawl Stone Soup version 0.30.1 (webtiles) character file.

Game seed: 1028919937745272881

1 H0rd4k the Charlatan (level 1, -1/13 HPs)
             Began as an Octopode Artificer on July 5, 2023.
             Slain by a quokka (4 damage)
             ... on level 1 of the Dungeon.
             The game lasted 00:00:10 (70 turns).

H0rd4k the Charlatan (Octopode Artificer)             Turns: 70, Time: 00:00:11

Health: -1/13      AC:  1    Str: 11    XL:     1   Next: 20%
Magic:  1/1        EV: 13    Int: 13    God:
Gold:   0          SH:  0    Dex: 12    Spells: 0/0 levels left

rFire   . . .        (no weapon)
rCold   . . .        (no shield)
rNeg    . . .        (helmet restricted)
rPois   .            (no amulet)
rElec   .            (no ring)
rCorr   .            (no ring)
SInv    .            (no ring)
Will    .....        (no ring)
Stlth   +++          (no ring)
HPRegen 0.22/turn    (no ring)
MPRegen 0.07/turn    (no ring)
                     (no ring)

%: no passive effects
@: no status effects
A: almost no armour, amphibious, 8 rings, camouflage 1, gelatinous body 1,
(nimble swimmer 1), tentacles
a: no special abilities


You were on level 1 of the Dungeon.
You visited 1 branch of the dungeon, and saw 1 of its levels.

Inventory:

Wands
 b - a wand of flame (15) (quivered)
 c - a wand of charming (15)
 d - a wand of iceblast (5)


   Skills:
 + Level 1.0 Fighting
 + Level 2.4 Dodging
 + Level 1.3 Stealth
 + Level 3.2 Evocations


You couldn't memorise any spells.
You didn't know any spells.
Your spell library contained the following spells:

 Spells                   Type           Power      Damage    Failure   Level
 Freeze                   Ice            0%         1d3       30%         1
 Frozen Ramparts          Ice            0%         1d1       67%         3
 Hailstorm                Conj/Ice       0%         3d3       67%         3


Dungeon Overview and Level Annotations

Branches:
Dungeon (1/15)

Altars:


Innate Abilities, Weirdness & Mutations

You cannot wear most types of armour.
You are amphibious.
You can wear up to eight rings at the same time.
Your skin changes colour to match your surroundings (Stealth+).
Your rubbery body absorbs attacks. (AC +1, EV +1)
((You are camouflaged when in or above water. (Stealth+)))
You have tentacles for arms and can constrict up to eight enemies at once.


Message History

The kobold shouts!
The quokka closely misses you.
You barely miss the quokka. Your grab misses the quokka.
A quokka comes into view.
The quokka closely misses you.
An endoplasm comes into view.
You closely miss the quokka.
The endoplasm quivers.
Your grab misses the quokka. The quokka bites you.
The quokka twitches its whiskers.
You tentacle-slap the quokka but do no damage.
Your grab misses the quokka. The quokka closely misses you.
The quokka barely misses you.
A dart slug comes into view.
You tentacle-slap the quokka. Your grab misses the quokka.
The quokka is lightly wounded.
The quokka misses you.
You miss the quokka. You grab the quokka.
The quokka is lightly wounded.
You constrict the quokka.
The quokka struggles to escape constriction.
The kobold closely misses you.
There are monsters nearby!
There are monsters nearby!
You tentacle-slap the quokka but do no damage.
The quokka is moderately wounded.
You constrict the quokka. The quokka bites you. The kobold misses you.
You release your grip on the quokka.
The kobold completely misses you.
A kobold comes into view. It is wielding a +0 club.
The quokka attacks as you move away! The quokka barely misses you.
The quokka completely misses you. The kobold attacks as you move away!
The kobold hits you with a +0 club. The quokka attacks as you move away!
The quokka barely misses you. The kobold attacks as you move away!
The kobold hits you with a +0 club. The quokka attacks as you move away!
The quokka closely misses you. The quokka attacks as you move away!
The quokka bites you. The quokka attacks as you move away!
The quokka bites you.
* * * LOW HITPOINT WARNING * * *
The quokka closely misses you. The quokka bites you.
You die...

###...# w.....# #...#
....... ##...# .....#
##..÷.## #######.....#
#.÷##..###....w......#
#..##..#.............#
#......#.K.K.........#
#......#.rJ#####.......
#..#####@r.## ....#>.
##..........# ....!..
####.......# ##.....
#.......# .....
#.......# ....r
#.......# #.......#
#.......# #.......#


You could see a dart slug, an endoplasm, 2 quokkas and 2 kobolds.

Vanquished Creatures
  An endoplasm (D:1)
1 creature vanquished.

Notes
Turn   | Place    | Note
-------+----------+-------------------------------------------
     0 | D:1      | H0rd4k the Octopode Artificer began the quest for the Orb.
     0 | D:1      | Reached XP level 1. HP: 13/13 MP: 1/1
    70 | D:1      | Slain by a quokka

Illustrated notes

Levels and vault maps discovered:
D:1:      amcnicky_arrival_wind_blow, layout_basic,
          hellmonk_ecumenical_altar_watching_god

Action                     || total
---------------------------++-------
  Melee: Unarmed           ||     7
         Constrict         ||     1
         Tentacles         ||     1
  Dodge: Dodged            ||    13
